 Dungeon Crawl Stone Soup version 0.26.1-11-gd32895ea62 (webtiles) character file.

Game seed: 14604871457403564660

17496 Ijustatesigmund the Cleaver (level 12, -2/130 HPs)
             Began as an Octopode Fighter on July 1, 2021.
             Was the Champion of Cheibriados.
             Killed from afar by an ice dragon (18 damage)
             ... with a blast of cold
             ... on level 12 of the Dungeon.
             The game lasted 00:26:12 (10800 turns).

Ijustatesigmund the Cleaver (Octopode Fighter)     Turns: 10800, Time: 00:26:13

Health: -2/130     AC: 30    Str: 40    XL:     12   Next: 48%
Magic:  5/18       EV:  2    Int: 40    God:    Cheibriados [******]
Gold:   641        SH: 21    Dex: 35    Spells: 11/11 levels left

rFire    . . .     SeeInvis .   a - +2 war axe
rCold    + . .     Faith    .   b - +5 kite shield
rNeg     + + +     Spirit   .   (helmet currently unavailable)
rPois    +         Reflect  .   w - amulet of regeneration
rElec    .         Harm     .   i - ring of wizardry
rCorr    .         Rampage  .   o - +6 ring of strength
Will     +....     NoTele   +   h - +4 ring of protection
Stlth    ++++......             j - +6 ring of intelligence
HPRegen  0.71/turn              F - +6 ring of dexterity
MPRegen  0.16/turn              G - +6 ring of intelligence
                                K - ring of the Equinox {rPois rC+ Will+ Str+4}
                                (no ring)

@: tree-form, very slow
A: almost no armour, stealthy swim, (amphibious), 8 rings, (constrict 8),
MP-powered wands
a: Renounce Religion, Bend Time, Temporal Distortion, Slouch, Step From Time


You were on level 12 of the Dungeon.
You worshipped Cheibriados.
Cheibriados was exalted by your worship.
You were a tree.
You visited 2 branches of the dungeon, and saw 13 of its levels.

You collected 875 gold pieces.
You spent 234 gold pieces at shops.

Inventory:

Hand Weapons
 a - a +2 war axe (weapon)
 v - a +1 flail of protection
Armour
 b - a +5 kite shield (worn)
 c - a +1 hat of intelligence
 x - the +2 hat of the Bear Spirit (melded) {Spirit, +Rage rN+ Will++}
   (You found it on level 7 of the Dungeon)

   It protects you from negative energy.
   It affects your willpower, your defense against some magical effects.
   It lets you go berserk.
Jewellery
 h - a +4 ring of protection (on tentacle)
 i - a ring of wizardry (left branch)
 j - a +6 ring of intelligence (on tentacle)
 o - a +6 ring of strength (right branch)
 w - an amulet of regeneration (around neck)
 F - a +6 ring of dexterity (on tentacle)
 G - a +6 ring of intelligence (on tentacle)
 I - an uncursed amulet of the acrobat
 K - the ring of the Equinox (on tentacle) {rPois rC+ Will+ Str+4}
   (You found it on level 12 of the Dungeon)

   [ring of willpower]

   It affects your strength (+4).
   It protects you from cold.
   It protects you from poison.
   It affects your willpower, your defense against some magical effects.
Wands
 l - a wand of acid (2)
 r - a wand of flame (9)
 u - a wand of iceblast (2)
 y - a wand of polymorph (1)
 B - a wand of enslavement (7)
Scrolls
 d - 7 scrolls of remove curse
 m - 4 scrolls of immolation
 n - 3 scrolls of teleportation
 t - a scroll of fog
 A - 2 scrolls of fear
 C - 2 scrolls of amnesia
 E - a scroll of blinking
 H - 4 scrolls of identify
 J - a scroll of vulnerability {unknown}
Potions
 e - a potion of magic
 f - a potion of lignification
 g - a potion of flight
 k - 5 potions of curing
 q - a potion of ambrosia
 s - a potion of cancellation
 z - 2 potions of resistance
Miscellaneous
 D - a phial of floods


   Skills:
 + Level 9.8 Fighting
 + Level 10.0 Axes
 + Level 9.0 Dodging
 - Level 5.2 Stealth
 + Level 9.0 Shields
 + Level 8.4 Invocations
 - Level 3.9 Evocations


You had 11 spell levels left.
You didn't know any spells.
Your spell library was empty.

Dungeon Overview and Level Annotations

Branches:
Dungeon (12/15)            Temple (1/1) D:5            Lair (0/6) D:8
    Orc (0/2) D:9

Altars:
Ashenzari
Cheibriados
Dithmenos
Elyvilon
Fedhas
Gozag
Hepliaklqana
Kikubaaqudgha
Makhleb
Nemelex Xobeh
Okawaru
Qazlal
Ru
Sif Muna
Trog
Uskayaw
Vehumet
Wu Jian
Xom
Yredelemnul
Zin
The Shining One

Shops:
D:5 !   D:9 :   D:10 *

Portals:
Trove: D:12 (give +5 demon whip)

Annotations:
D:6 exclusion: statue
D:8 1 transporter, Graby's ghost, novice MiHu
D:10 2 transporters


Innate Abilities, Weirdness & Mutations

You cannot wear most types of armour.
You are very stealthy in the water. (Stealth+)
((You are amphibious.))
You can wear up to eight rings at the same time.
((You can use your tentacles to constrict eight enemies at once.))
((Your skin changes colour to match your surroundings (Stealth+).))
((Your rubbery body absorbs attacks. (AC +1, EV +1)))
((You are partially covered in yellow scales. (AC +2)))
You expend magic power (3 MP) to strengthen your wands.


Message History

You hit the ice dragon.
The ice dragon is almost dead.
You hit the ettin.
The faun changes into a wolf spider!
The ice dragon bites you but does no damage.
You block the ice dragon's attack.
The ice dragon tramples you but does no damage.
You hit the ice dragon but do no damage.
The ice dragon is almost dead.
You barely miss the ettin. The ettin completely misses you.
You block the ettin's attack. You block the ice dragon's attack.
The ice dragon claws you.
* * * LOW HITPOINT WARNING * * *
The ice dragon tramples you.
* * * LOW HITPOINT WARNING * * *
You hit the ice dragon but do no damage.
The ice dragon is almost dead.
You hit the ettin. The ice dragon breathes frost at you.
The blast of cold hits you!! You resist.
You die...

.......#.>..........#......###..#
.......#............#......#.##..
.......#............#......#..##.
.......#########....#......#...##
...............#....#).....#....#
...............#...........#.....
...............#...........#.....
...............#...........#.....
(.......########♣#.........'.....
........#......DC#..####'###.....
........#.......s#..#............
.......##........####............
........#(..######..#............
........#.. #..+............
........#. #..#......#)....
........# #.........#.....
........# #.........#.....


You could see an ice dragon (catching breath), an ettin and a wolf spider shaped
shifter.

Vanquished Creatures
  Gastronok (D:9)
  A hydra (D:12)
  2 two-headed ogres (D:11)
  A centaur warrior (D:10)
  A tengu warrior (D:12)
  Nergalle (D:11)
  4 ugly things
  The ghost of ciphuk the Covert, a novice VSBr of Uskayaw (D:7)
  Joseph (D:10)
  A gargoyle (D:10)
  4 trolls
  A wyvern (D:7)
  A wraith (D:12)
  5 yaks (D:12)
  2 acid dragons
  2 water moccasins
  3 ice beasts
  4 orc warriors
  2 phantoms (D:12)
  2 necrophages
  3 sky beasts
  6 ogres
  5 wolves (D:8)
  10 centaurs
  3 big kobolds
  12 bullfrogs
  A gnoll sergeant (D:7)
  A wyvern zombie (D:8)
  3 scorpions
  5 killer bees (D:12)
  5 wights
  3 vampire bats (D:4)
  3 howler monkeys (D:8)
  A bullfrog zombie (D:5)
  3 centaur zombies
  9 hounds
  9 orc priests
  4 jellies
  2 centaur skeletons
  A bullfrog skeleton (D:10)
  11 orc wizards
  Jessica (D:2)
  8 iguanas
  14 worker ants
  A hound skeleton (D:9)
  A hound zombie (D:7)
  8 gnolls
  13 adders
  A river rat (D:8)
  A shadow imp (D:7)
  A white imp (D:9)
  4 ufetubi
  3 oozes
  4 adder skeletons
  2 worms
  3 dart slugs
  8 leopard geckos
  41 orcs
  3 bat skeletons (D:4)
  2 bat zombies (D:4)
  5 giant cockroaches
  4 goblins
  6 hobgoblins
  9 jackals
  13 kobolds
  2 quokkas
  4 ball pythons
  11 bats
  3 frilled lizards
  A jackal zombie (D:7)
  A quokka skeleton (D:6)
  A quokka zombie (D:8)
  6 rats
  A bush (D:1)
326 creatures vanquished.

Vanquished Creatures (collateral kills)
  4 wights (D:11)
4 creatures vanquished.

Vanquished Creatures (others)
  An orc (D:8)
  4 plants
5 creatures vanquished.

Grand Total: 335 creatures vanquished

Notes
Turn   | Place    | Note
-------+----------+-------------------------------------------
     0 | D:1      | Ijustatesigmund the Octopode Fighter began the quest for
                  | the Orb.
     0 | D:1      | Reached XP level 1. HP: 16/16 MP: 1/1
   110 | D:1      | Reached XP level 2. HP: 20/21 MP: 2/2
   430 | D:1      | Reached XP level 3. HP: 26/26 MP: 3/3
  1169 | D:2      | Noticed Jessica
  1173 | D:2      | Killed Jessica
  1174 | D:2      | Reached skill level 3 in Axes
  1174 | D:2      | Reached XP level 4. HP: 21/31 MP: 4/4
  1794 | D:2      | Found a bloodstained altar of Trog.
  2101 | D:3      | Found a glowing golden altar of the Shining One.
  2120 | D:3      | Reached XP level 5. HP: 34/36 MP: 5/5
  2764 | D:4      | Found an ancient bone altar of Kikubaaqudgha.
  2769 | D:4      | Reached skill level 4 in Axes
  2769 | D:4      | Reached XP level 6. HP: 43/43 MP: 6/6
  3015 | D:4      | Reached XP level 7. HP: 32/49 MP: 7/7
  3421 | D:5      | Entered Level 5 of the Dungeon
  3450 | D:5      | Gained mutation: Potions are less effective at restoring
                  | your health. [potion of mutation]
  3450 | D:5      | Gained mutation: Your body sometimes deteriorates upon
                  | taking damage. [potion of mutation]
  3450 | D:5      | Gained mutation: You have a pair of small antennae on your
                  | head. [potion of mutation]
  3459 | D:5      | Reached skill level 1 in Stealth
  3548 | D:5      | You fall into a shaft and drop 2 floors!
  3551 | D:7      | Found a glowing silver altar of Zin.
  3553 | D:7      | Found a sacrificial altar of Ru.
  3554 | D:7      | Found a bloodstained altar of Trog.
  3557 | D:7      | Reached skill level 5 in Axes
  3557 | D:7      | Reached skill level 1 in Evocations
  3575 | D:7      | Reached skill level 5 in Fighting
  3869 | D:7      | Reached XP level 8. HP: 32/55 MP: 8/8
  4237 | D:6      | Found an opulent altar of Gozag.
  4261 | D:5      | Reached skill level 6 in Axes
  4501 | D:5      | Reached skill level 5 in Stealth
  4577 | D:5      | Found a staircase to the Ecumenical Temple.
  4590 | Temple   | Entered the Ecumenical Temple
  4675 | Temple   | Became a worshipper of Cheibriados the Contemplative
  4729 | D:5      | Found Erowag's Distillery.
  4734 | D:5      | Bought a potion of curing for 39 gold pieces
  4734 | D:5      | Bought a potion of cancellation for 104 gold pieces
  4734 | D:5      | Bought a potion of heal wounds for 65 gold pieces
  4881 | D:5      | Found a shimmering altar of Xom.
  5129 | D:6      | Found a shadowy altar of Dithmenos.
  5181 | D:6      | Found a blossoming altar of Fedhas.
  5271 | D:6      | Found a hazy altar of Hepliaklqana.
  5287 | D:6      | Reached skill level 1 in Invocations
  5366 | D:6      | Reached XP level 9. HP: 62/62 MP: 9/9
  5378 | D:6      | Found a radiant altar of Vehumet.
  5830 | D:7      | Reached * piety under Cheibriados
  5850 | D:7      | Found a stormy altar of Qazlal.
  5947 | D:7      | Found the +2 hat of the Bear Spirit {Spirit, +Rage rN+
                  | Will++}
  5972 | D:7      | Noticed a brown ugly thing
  5978 | D:7      | Killed a brown ugly thing
  5979 | D:7      | Reached skill level 5 in Dodging
  5979 | D:7      | Reached skill level 5 in Shields
  6179 | D:7      | Found a runed translucent gate.
  6179 | D:7      | Found an opulent altar of Gozag.
  6181 | D:7      | Found a runed translucent gate.
  6181 | D:7      | Found a runed translucent gate.
  6183 | D:7      | Noticed ciphuk's ghost (novice VSBr)
  6472 | D:8      | Noticed a troll
  6494 | D:8      | Reached skill level 7 in Axes
  6572 | D:8      | Killed a troll
  6650 | D:8      | Reached XP level 10. HP: 71/71 MP: 11/13
  6651 | D:8      | Reached ** piety under Cheibriados
  6666 | D:8      | Identified the +8 dire flail of Success {vorpal, +Blink
                  | Dex+5}
  6667 | D:8      | Found a transporter.
  6670 | D:8      | Noticed Graby's ghost (novice MiHu)
  7008 | D:8      | Found a staircase to the Lair.
  7090 | D:8      | Reached *** piety under Cheibriados
  7330 | D:9      | Noticed Gastronok
  7339 | D:9      | Killed Gastronok
  7340 | D:9      | Reached skill level 8 in Axes
  7340 | D:9      | Reached skill level 5 in Invocations
  7373 | D:9      | Found Wuilum's Book Boutique.
  7471 | D:9      | Found a staircase to the Orcish Mines.
  7768 | D:9      | Reached XP level 11. HP: 70/77 MP: 13/15
  7892 | D:9      | Reached **** piety under Cheibriados
  8149 | D:10     | Entered Level 10 of the Dungeon
  8247 | D:10     | Lost mutation: Potions are less effective at restoring your
                  | health. [potion of mutation]
  8247 | D:10     | Lost mutation: You have a pair of small antennae on your
                  | head. [potion of mutation]
  8247 | D:10     | Lost mutation: Your body sometimes deteriorates upon taking
                  | damage. [potion of mutation]
  8247 | D:10     | Gained mutation: You are partially covered in yellow
                  | scales. (AC +2) [potion of mutation]
  8247 | D:10     | Gained mutation: You expend magic power (3 MP) to
                  | strengthen your wands. [potion of mutation]
  8397 | D:10     | Noticed a centaur warrior
  8515 | D:10     | Killed a centaur warrior
  8579 | D:10     | Noticed Joseph
  8585 | D:10     | Killed Joseph
  8590 | D:10     | Reached ***** piety under Cheibriados
  8639 | D:10     | Found Toiseydgh's Assorted Antiques.
  8647 | D:10     | Bought a scroll labelled BUROIFIFRO for 26 gold pieces
  8708 | D:10     | Noticed a fire giant
  8710 | D:10     | Found a transporter.
  8710 | D:10     | Noticed an ettin
  8710 | D:10     | Identified the ring "Qeiteahe" {*Drain Will+ AC+4 Dex+4
                  | Slay+3}
  8711 | D:10     | Found a transporter.
  8713 | D:10     | Identified the +3 rapier of Abomination {antimagic, rElec
                  | Str+3 Int-5}
  8713 | D:10     | Noticed a centaur warrior
  9148 | D:7      | Killed ciphuk's ghost
  9149 | D:7      | Reached skill level 9 in Axes
  9238 | D:11     | Noticed a two-headed ogre
  9306 | D:11     | Killed a two-headed ogre
  9687 | D:11     | Noticed a white ugly thing
  9691 | D:11     | Noticed a red ugly thing
  9695 | D:11     | Killed a red ugly thing
  9700 | D:11     | Killed a white ugly thing
  9705 | D:11     | Noticed a two-headed ogre
  9713 | D:11     | Killed a two-headed ogre
  9857 | D:11     | Noticed Nergalle
  9861 | D:11     | Reached XP level 12. HP: 85/85 MP: 17/17
  9866 | D:11     | Killed Nergalle
 10083 | D:12     | Got a faintly glowing glass ring
 10085 | D:12     | Identified the ring of the Equinox {rPois rC+ Will+ Str+4}
                  | (You found it on level 12 of the Dungeon)
 10110 | D:12     | Noticed a six-headed hydra
 10124 | D:12     | Killed a six-headed hydra
 10317 | D:12     | Found a portal to a secret trove of treasure.
 10413 | D:12     | Found a hazy altar of Hepliaklqana.
 10708 | D:12     | Reached ****** piety under Cheibriados
 10772 | D:12     | Noticed a tengu warrior
 10773 | D:12     | Noticed an ice dragon
 10782 | D:12     | Killed a tengu warrior
 10783 | D:12     | Reached skill level 10 in Axes
 10786 | D:12     | Noticed an ettin
 10800 | D:12     | Killed from afar by an ice dragon

Illustrated notes

Levels and vault maps discovered:
D:1:      mrwooster_arrival_statue, layout_loops_cross, serial_forest,
          infiniplex_forest_lined_1, infiniplex_forest_split,
          infiniplex_forest_end_2, infiniplex_forest_straight_2,
          infiniplex_forest_end_1, infiniplex_forest_end_1,
          infiniplex_forest_straight_2, infiniplex_forest_lined_2,
          infiniplex_forest_zigzag_1, infiniplex_forest_straight_2,
          minivault_11, minmay_ruptured
D:2:      layout_basic, trog_book, uniq_jessica
D:3:      layout_basic, tso_oasis_becter, minmay_misc_feat_chi
D:4:      layout_basic, kennysheep_vampire_church
D:5:      layout_rooms, tgw_xom, minmay_temple_entry_trees, serial_shops,
          kennysheep_little_box
D:6:      layout_loops_cross, nicolae_overflow_hidden_temple, vehumet_statue,
          old_standard_altar, overflow_temple_1_default,
          nicolae_overflow_crystal_walls
D:7:      layout_loops_ring, grunt_temple_overflow_open,
          nicolae_qazlal_style_of_elements, ebering_ghost_gozag,
          corexii_corridor_pit
D:8:      layout_loops_ring, erik_lair_island, gammafunk_ghost_smash
D:9:      layout_irregular_city, david_orc_2, serial_shops,
          nicolae_shop_crystal, uniq_gastronok
D:10:     gammafunk_sealed_arena, layout_stronghold, serial_shops,
          nicolae_shop_crystal, small_chamber_with_monster,
          hangedman_corner_corridor, uniq_joseph
D:11:     layout_cave_pools, uniq_nergalle
D:12:     minmay_shrinking_squares, layout_grid_maze, trove_entry_hex_spiral,
          basic_altar
Temple:   zaba_magenta_temple

Skill      XL: |  1  2  3  4  5  6  7  8  9 10 11 12 |
---------------+-------------------------------------+-----
Axes           | 3 4 5 6 7 8 9 10 | 10.0
Fighting       | 4 5 6 7 8 9 |  9.8
Dodging        | 4 5 7 8 9 |  9.0
Shields        | 4 5 7 8 9 |  9.0
Stealth        | 3 5 |  5.2
Evocations     | 2 3 |  3.9
Invocations    | 1 4 5 7 8 |  8.4

Action                   |  1- 3 |  4- 6 |  7- 9 | 10-12 || total
-------------------------+-------+-------+-------+-------++-------
Melee: War axe           |   126 |    94 |   170 |   321 ||   711
       Constrict         |    14 |    21 |    32 |    64 ||   131
       Tentacles         |    45 |    19 |    40 |   122 ||   226
       Flail             |       |       |       |    13 ||    13
Invok: Bend Time         |       |       |       |     1 ||     1
Evoke: Wand              |       |       |     2 |    17 ||    19
  Use: Scroll            |       |     7 |    12 |     9 ||    28
       Potion            |       |       |     7 |     8 ||    15
 Stab: Sleeping          |     8 |     6 |     9 |    22 ||    45
       Distracted        |       |       |     1 |     5 ||     6
Armor: Skin              |     4 |    12 |    26 |    72 ||   114
Dodge: Dodged            |    17 |    57 |    88 |   175 ||   337
Block: Kite shield       |    14 |    28 |   126 |   400 ||   568
